 Dungeon Crawl Stone Soup version 0.21-a0-442-g848f44b (webtiles) character file.

2849 Gildeon the Severer (level 9, -8/71 HPs)
             Began as a Minotaur Fighter on Nov 14, 2017.
             Was a Believer of Okawaru.
             Mangled by an ice beast (12 damage)
             ... on level 8 of the Dungeon.
             The game lasted 00:36:18 (7045 turns).

Gildeon the Severer (Minotaur Fighter)              Turns: 7045, Time: 00:36:19

Health: -8/71      AC: 15    Str: 23    XL:     9   Next: 46%
Magic:  8/8        EV:  5    Int:  8    God:    Okawaru [**....]
Gold:   594        SH:  9    Dex: 11    Spells: 7/8 levels left

rFire    . . .     SeeInvis .   s - +3 war axe (elec)
rCold    . . .     Gourm    .   c - +0 shield
rNeg     . . .     Faith    .   u - +0 chain mail
rPois    +         Spirit   .   (helmet restricted)
rElec    .         Reflect  .   v - +1 cloak
rCorr    .         Harm     .   q - +0 pair of gloves
MR       .....                  j - +2 pair of boots
Stlth    ..........             (no amulet)
HPRegen  0.21/turn              x - ring of poison resistance
MPRegen  0.11/turn              a - +3 ring of intelligence

@: about to teleport, studying Axes
A: retaliatory headbutt, horns 2
a: Heroism, Renounce Religion


You were on level 8 of the Dungeon.
You worshipped Okawaru.
Okawaru was pleased with you.
You were not hungry.

You visited 2 branches of the dungeon, and saw 9 of its levels.

You collected 594 gold pieces.

Inventory:

Hand Weapons
 s - a +3 war axe of electrocution (weapon)
 H - a +2 war axe of chopping
Missiles
 y - 2 tomahawks (quivered)
Armour
 b - a +0 scale mail
 c - a +0 shield (worn)
 e - a +0 ring mail
 j - a +2 pair of boots (worn)
 q - a +0 pair of gloves (worn)
 u - a +0 chain mail (worn)
 v - a +1 cloak (worn)
 A - a +1 leather armour of fire resistance
Jewellery
 a - a +3 ring of intelligence (right hand)
 x - a ring of poison resistance (left hand)
Scrolls
 r - 2 scrolls of amnesia
 F - a scroll of blinking
Potions
 d - a potion of might
 g - 2 potions of berserk rage
 h - a potion of brilliance
 i - a potion of agility {unknown}
 k - 2 potions of resistance {unknown}
 n - a potion of ambrosia {unknown}
 o - a potion of heal wounds {unknown}
 w - a potion of haste {unknown}
 z - a potion of cancellation {unknown}
 B - a potion of invisibility {unknown}
 D - a potion of lignification {unknown}
Books
 E - a book of Misfortune

   Spells                             Type                      Level
   a - Confusing Touch                Hexes                        1
   b - Confuse                        Hexes                        3
   c - Gell's Gravitas                Translocation                3
   d - Petrify                        Transmutation/Earth          4
   e - Metabolic Englaciation         Hexes/Ice                    5
   f - Yara's Violent Unravelling     Hexes/Transmutation          5
 G - a manual of Axes
Comestibles
 f - 2 bread rations
 l - 3 royal jellies
 m - 7 meat rations
 p - 3 fruits


   Skills:
 - Level 3.7 Fighting
 + Level 15.3 Axes
 - Level 3.7 Armour
 - Level 3.7 Shields


You had 7 spell levels left.
You knew the following spells:

 Your Spells              Type           Power        Failure   Level  Hunger
a - Confusing Touch       Hex            #.....       100%        1    ##.....


Dungeon Overview and Level Annotations

Branches:
Dungeon (8/15)             Temple (1/1) D:5
   Lair: D:8-11

Altars:
Ashenzari
Dithmenos
Elyvilon
Fedhas
Hepliaklqana
Nemelex Xobeh
Okawaru
Qazlal
Trog
Wu Jian


Innate Abilities, Weirdness & Mutations

You reflexively headbutt those who attack you in melee.
You have a pair of horns on your head.


Message History

The ogre is severely wounded.
The ogre barely misses you.
You feel better. The howler monkey closely misses you. You furiously retaliate!
You headbutt the howler monkey! The ice beast hits you.
* * * LOW HITPOINT WARNING * * *
The ice beast freezes you!
* * * LOW HITPOINT WARNING * * *
The ogre hits you with a giant club.
* * * LOW HITPOINT WARNING * * *
You hit the ogre. Lightning courses through the ogre!
You kill the ogre!
Okawaru accepts your kill.
You closely miss the ice beast. You slash the howler monkey!
You kill the howler monkey!
Okawaru accepts your kill.
The howler monkey hoots and howls with incredible vigour!
The ice beast hits you.
* * * LOW HITPOINT WARNING * * *
The ice beast freezes you!
You die...

..≈≈≈≈≈... ≈≈≈
≈≈≈≈≈l.. ..≈ ≈≈≈..≈.
≈.. .;..≈ ... .... #.#
#h. # #.# #h# ###.
#.####†######.. #...#
##..)@Y........ ###
.....###.#######......
..# #.#.#.#.######
..... #.#
#.#..........# .....
#.# #
####.#(#...####.#
..Y..##.###.
..........##
.....#...#.# .
####...###
..........##
....##...#
#.#.##..)#.#
(........# #.# #.#
##.###.


You could see an ice beast, a howler monkey, an iguana (wandering), a hound and
an electric eel.

Vanquished Creatures
  A hungry ghost (D:7)
  2 ice beasts
  5 ogres
  A wolf (D:8)
  4 centaurs
  4 bullfrogs
  A water moccasin zombie (D:7)
  3 scorpions (D:7)
  3 howler monkeys (D:8)
  A centaur zombie (D:7)
  2 crimson imps
  6 orc priests
  2 centaur skeletons (D:5)
  4 orc wizards
  3 hounds
  2 jellies (D:7)
  A bullfrog skeleton (D:5)
  Natasha (thrice) (D:2)
  4 worker ants
  2 hound skeletons
  9 adders
  8 gnolls
  A howler monkey skeleton (D:5)
  A shadow imp (D:5)
  2 oozes
  2 worms
  5 dart slugs
  5 leopard geckos
  23 orcs
  6 giant cockroaches
  9 hobgoblins
  4 jackals (D:3)
  2 quokkas (D:3)
  2 ball pythons
  7 bats
  8 frilled lizards
  6 goblins
  10 kobolds
  A leopard gecko zombie (D:8)
  A quokka skeleton (D:5)
  11 rats
177 creatures vanquished.

Vanquished Creatures (others)
  2 hounds (D:8)
2 creatures vanquished.

Grand Total: 179 creatures vanquished

Notes
Turn   | Place    | Note
-------+----------+-------------------------------------------
     0 | D:1      | Gildeon the Minotaur Fighter began the quest for the Orb.
     0 | D:1      | Reached XP level 1. HP: 19/19 MP: 0/0
   162 | D:1      | Reached skill level 3 in Axes
   162 | D:1      | Reached XP level 2. HP: 27/27 MP: 1/1
   453 | D:1      | Reached skill level 4 in Axes
   453 | D:1      | Reached XP level 3. HP: 33/33 MP: 2/2
  1061 | D:2      | Noticed Natasha
  1079 | D:2      | Killed Natasha
  1079 | D:2      | Reached skill level 5 in Axes
  1079 | D:2      | Reached XP level 4. HP: 16/40 MP: 3/3
  1381 | D:2      | Noticed Natasha
  1387 | D:2      | Killed Natasha
  1522 | D:2      | Noticed Natasha
  1527 | D:2      | Killed Natasha
  1527 | D:2      | Reached skill level 6 in Axes
  1527 | D:2      | Reached XP level 5. HP: 45/46 MP: 4/4
  2191 | D:3      | Reached skill level 7 in Axes
  2289 | D:3      | Reached XP level 6. HP: 49/52 MP: 5/5
  2536 | D:3      | Reached skill level 8 in Axes
  3280 | D:4      | Reached skill level 9 in Axes
  3280 | D:4      | Reached XP level 7. HP: 53/58 MP: 6/6
  3421 | D:4      | Found a white marble altar of Elyvilon.
  3767 | D:5      | Entered Level 5 of the Dungeon
  3804 | D:5      | Reached skill level 10 in Axes
  3993 | D:5      | Found a staircase to the Ecumenical Temple.
  4081 | D:5      | Reached skill level 11 in Axes
  4081 | D:5      | Reached XP level 8. HP: 66/66 MP: 7/7
  4321 | Temple   | Entered the Ecumenical Temple
  4344 | Temple   | Became a worshipper of Warmaster Okawaru
  4632 | D:6      | Learned a level 1 spell: Confusing Touch
  4643 | D:6      | Reached skill level 12 in Axes
  5771 | D:7      | Reached skill level 13 in Axes
  5773 | D:7      | Reached * piety under Okawaru
  5915 | D:7      | Reached XP level 9. HP: 71/71 MP: 8/8
  5930 | D:7      | Found a shadowy altar of Dithmenos.
  6223 | D:7      | Found an ornate altar of the Wu Jian Council.
  6223 | D:7      | Found a sparkling altar of Nemelex Xobeh.
  6230 | D:7      | Found a stormy altar of Qazlal.
  6240 | D:7      | Reached skill level 14 in Axes
  6943 | D:8      | Identified a scroll of acquirement
  7025 | D:8      | Reached ** piety under Okawaru
  7035 | D:8      | Reached skill level 15 in Axes
  7045 | D:8      | Mangled by an ice beast

Vault maps used:
D:1:      moated_graveyard_arrival, minmay_distorted
D:2:      uniq_natasha
D:3:      first_bread, grunt_ministairs_3
D:4:      minmay_misc_feat_iff, minivault_19, elyvilon_altar_3
D:5:      temple_pool_b, wad_floor_pattern_2
D:7:      grunt_temple_overflow_open, grunt_dithmenos_smoke_and_mirrors
D:8:      erik_lair_island, special_room
Temple:   compressed_dpeg_circular_temple

Skill      XL: |  1  2  3  4  5  6  7  8  9 |
---------------+----------------------------+-----
Axes           | 3 4 5 6 7 9 11 13 15 | 15.3
Fighting       | |  3.7
Armour         | |  3.7
Shields        | |  3.7

Action                   |  1- 3 |  4- 6 |  7- 9 || total
-------------------------+-------+-------+-------++-------
Melee: War axe           |    77 |   162 |   171 ||   410
       Headbutt          |     9 |    33 |    30 ||    72
Throw: Throwing net      |       |     2 |     2 ||     4
  Use: Scroll            |     9 |     2 |     6 ||    17
       Potion            |     3 |       |     1 ||     4
  Eat: Chunk             |     1 |     2 |     6 ||     9
       Bread ration      |       |     1 |     2 ||     3
Armor: Scale mail        |    27 |    45 |       ||    72
       Chain mail        |       |    27 |    67 ||    94
Dodge: Dodged            |    33 |    46 |    28 ||   107
Block: Shield            |    44 |    81 |    53 ||   178

Table legend:
 A = Spawn XP
 B = Non-spawn XP
 C = Spawn XP percentage of total XP
 D = Spawn monster count
 E = Non-spawn monster count
 F = Spawn count percentage of total count
 G = Total turns spent on level
                    A         B        C        D         E        F      G
               +---------+---------+-------+---------+---------+-------+---------
         Total |       0 |    4070 |   0.0 |       0 |     178 |   0.0 |  7045
               +---------+---------+-------+---------+---------+-------+---------
           D:1 |       0 |      43 |   0.0 |       0 |      22 |   0.0 |   672
           D:2 |       0 |     155 |   0.0 |       0 |      24 |   0.0 |  1224
           D:3 |       0 |     378 |   0.0 |       0 |      45 |   0.0 |  1190
           D:4 |       0 |     390 |   0.0 |       0 |      21 |   0.0 |   681
           D:5 |       0 |     738 |   0.0 |       0 |      18 |   0.0 |   759
           D:6 |       0 |     375 |   0.0 |       0 |       8 |   0.0 |  1072
           D:7 |       0 |    1530 |   0.0 |       0 |      32 |   0.0 |  1257
           D:8 |       0 |     461 |   0.0 |       0 |       8 |   0.0 |   157
               +---------+---------+-------+---------+---------+-------+---------
